Unix NetHack Version 5.0.0-0 post-release - last build May  4 2026 22:22:43 (774f63e81ad911689b3a0859ea89b322d5daca8d,branch:main).

Game began 2026-05-10 17:03:04, ended 2026-05-10 17:15:11.

Eesui, chaotic male human Rogue

                                              -------------
                                              |...).`.....|            -------
       ----------              -----         #.....[......|            |??.?.|
       |........|              |.|.|         #|..`_...o..<.#           |?]?+?|
       |.........##############....|         #----------.--#           |....+|
       --------.-     -+---##  |...|         #         ##  ###         ---|---
               ##     |...|   #-...|         #         #     #         ####
                ##    |...|  ##|...|        ##     ####d#    #        ##
                 #    |...----#--.--        ### ----.---@--  #     ####
                 #    |.....{|#  ############   |.........|  #     #
             ----|---#.......|#  ##         #   |.......%.-#### ---|----------
             |......|#|......|#   #####     #   |.........|  ###.>...........|
             |......|#|...----#       #     #   |.........|    #|............|
             |......|#|...-####  -----|-----#   |.........|     |............|
             |.......#|...|      |..........#   |..........#####.............|
             |....>.| -----      |.........|    -----------     --------------
             --------            |.........|
                                 -----------

Eesui the Cutpurse      St:11 Dx:18 Co:17 In:12 Wi:9 Ch:8  Chaotic
Dlvl:2  $:0  HP:0(41) Pw:19(19) AC:10 Xp:5/197 T:2077 

Latest messages:
 The coyote bites!
 You bite the coyote.
 You kill the coyote!
 There is a doorway here.
 Something is written here in the dust.
 You read: "|   ?".
 There are many objects here.
 Are you waiting to get hit?  Use 'm' prefix to force a no-op (to rest).
 You bite the coyote.
 The coyote bites!
 You bite the coyote.
 The coyote bites!
 You bite the coyote.
 You kill the coyote!
 You hear a jackal howling at the moon.
 The jackal just misses!
 Pick a monster, object or location.
          can be many things (stone)
 You miss the jackal.
 The jackal bites!
 You miss the jackal.
 The jackal bites!
 You bite the jackal.
 You kill the jackal!
 There is a doorway here.
 There are many objects here.
 You hear the footsteps of a guard on patrol.
 You stop waiting.
 You miss the coyote.
 The coyote misses!
 You miss the coyote.
 The coyote bites!
 You miss the coyote.
 The coyote bites!
 You miss the coyote.
 The coyote just misses!
 You bite the coyote.
 The coyote bites!
 You miss the coyote.
 The coyote bites!
 You return to human form!
 You see here a lichen corpse.
 The coyote bites!
 There is a doorway here.
 There are many objects here.
 F - 5 +0 daggers.
 The coyote bites!
 You die...
 Do you want your possessions identified? [ynq] (y)
 Do you want to see your attributes? [ynq] (y)

Inventory:
 Weapons  (')')
  F - 5 +0 daggers

Eesui the Rogue's attributes:

Background:
 You were a Cutpurse, a level 5 male human Rogue.
 You were chaotic, on a mission for Kos
 who was opposed by Issek (lawful) and Mog (neutral).
 You were right-handed.
 You were in the Dungeons of Doom, on level 2.
 You entered the dungeon 2077 turns ago.
 You had 197 experience points, 123 more were needed to attain level 6.

Basics:
 You had 0 out of 41 hit points.
 You had all 19 energy points (spell power).
 Your armor class was 10.
 Your wallet was empty.
 Autopickup was on for '$?!/=+"' plus thrown.

Final Characteristics:
 Your strength was 11 (limit:18/100).
 Your dexterity was 18 (limit:18).
 Your constitution was 17 (limit:18).
 Your intelligence was 12 (limit:18).
 Your wisdom was 9 (limit:18).
 Your charisma was 8 (limit:18).

Final Status:
 You weren't hungry.
 You were unencumbered.
 You were bare handed.
 You were unskilled in bare handed combat.
 You weren't wearing any armor.

Final Attributes:
 You were piously aligned.
 You were level-drain resistant.
 You were telepathic.
 You were stealthy.
 You were a werejackal.
 You were harmed by silver.
 You are dead.

Miscellaneous:
 You disabled loading and storing of bones levels.
 Total elapsed playing time was 12 minutes and 7 seconds.

Major events:
 Turn
    1: Eesui the chaotic male human Rogue entered the dungeon
  605: attained the rank of Cutpurse (level 3)
 1242: entered Sokoban
 2077: killed by a coyote

You didn't know any spells.

Skills:
 Fighting Skills
   bare handed combat [Unskilled]
   two weapon combat  [Basic]
   riding             [Unskilled]
 Weapon Skills
   dagger             [Basic]
   knife              [Unskilled]
   short sword        [Basic]
   broadsword         [Unskilled]
   long sword         [Unskilled]
   two-handed sword   [Unskilled]
   saber              [Unskilled]
   club               [Unskilled]
   mace               [Unskilled]
   morning star       [Unskilled]
   flail              [Unskilled]
   hammer             [Unskilled]
   polearms           [Unskilled]
   spear              [Unskilled]
   crossbow           [Unskilled]
   dart               [Unskilled]
   shuriken           [Unskilled]
 Spellcasting Skills
   divination spells  [Unskilled]
   escape spells      [Unskilled]
   matter spells      [Unskilled]

Voluntary challenges:
 Character rerolling was not enabled.
 You never genocided any monsters.
 You never polymorphed an object.
 You used no wishes.
 You did not violate any of the special Sokoban rules.
Achievements:
 You entered a shop.
 You attained the rank of Cutpurse.
 You entered Sokoban.

 The Dungeons of Doom: levels 1 to 6
    Level 1:
       A fountain.
    Level 2: <- You were here.
       A scroll shop, an altar, a sink, a grave.
       Final resting place for
          you, killed by a coyote.
    Level 3:
       A fountain.
    Level 4:
       A fountain, some sinks.
    Level 5:
       Many fountains.
    Level 6:
       Stairs up to Sokoban, level 5.
 Sokoban:
    Level 5:
       Unsolved.


Vanquished creatures:
  a red naga hatchling
  a gray ooze
  a paper golem
  2 giant ants
  a floating eye
  a dwarf
  a kobold leader
  3 rothes
  a monkey
 an orc zombie
 an iguana
  3 acid blobs
  2 coyotes
  a hobbit
  a large kobold
  2 cave spiders
  a gnome
  3 geckos
  2 jackals
  a fox
  a kobold
  a goblin
  3 grid bugs
  8 lichens
  a kobold zombie
  4 newts
48 creatures vanquished.

No species were genocided or became extinct.

Game over:
                       ----------
                      /          \
                     /    REST    \
                    /      IN      \
                   /     PEACE      \
                  /                  \
                  |      Eesui       |
                  |       0 Au       |
                  |   killed by a    |
                  |      coyote      |
                  |                  |
                  |                  |
                  |       2026       |
                 *|     *  *  *      | *
        _________)/\\_//(\/(/\)/\//\/|_)_______

Goodbye Eesui the Rogue...

You died in The Dungeons of Doom on dungeon level 2 with 1048 points,
and 0 pieces of gold, after 2077 moves.
You were level 5 with a maximum of 41 hit points when you died.

